 Dungeon Crawl Stone Soup version 0.27-a0-34-gc18c9092ac (webtiles) character file.

Game seed: 17107868888640335475

283 Woodmanan the Magician (level 6, -2/32 HPs)
             Began as a Deep Elf Conjurer on Jan 5, 2021.
             Shot with an arrow by a centaur (8 damage)
             ... on level 5 of the Dungeon.
             The game lasted 00:12:25 (5074 turns).

Woodmanan the Magician (Deep Elf Conjurer)          Turns: 5074, Time: 00:12:26

Health: -2/32      AC:  3    Str:  6    XL:     6   Next: 7%
Magic:  12/16      EV: 14    Int: 23    God:
Gold:   246        SH:  0    Dex: 13    Spells: 10/16 levels left

rFire    . . .     SeeInvis .   (no weapon)
rCold    . . .     Faith    .   (no shield)
rNeg     . . .     Spirit   .   a - +0 robe
rPois    .         Reflect  .   m - +0 helmet
rElec    .         Harm     .   (no cloak)
rCorr    .         Rampage  .   (no gloves)
Will     .....                  (no boots)
Stlth    +++.......             (no amulet)
HPRegen  0.10/turn              (no ring)
MPRegen  0.15/turn              (no ring)

@: no status effects
A: no striking features
a: no special abilities


You were on level 5 of the Dungeon.
You visited 1 branch of the dungeon, and saw 5 of its levels.

You collected 246 gold pieces.

Inventory:

Armour
 a - a +0 robe (worn)
 m - a +0 helmet (worn)
Jewellery
 i - an uncursed amulet of regeneration {unknown}
 q - an uncursed ring of willpower {unknown}
 t - an uncursed amulet of magic regeneration {unknown}
Wands
 s - a wand of enslavement (8)
Scrolls
 c - 2 scrolls of remove curse {unknown}
 d - 2 scrolls of immolation {unknown}
 j - 2 scrolls of identify {unknown}
 k - 3 scrolls of amnesia {unknown}
 l - 2 scrolls of enchant armour {unknown}
 n - a scroll of teleportation {unknown}
 p - a scroll of enchant weapon {unknown}
Potions
 b - 2 potions of might {unknown}
 e - 3 potions of heal wounds {unknown}
 f - 2 potions of flight {unknown}
 g - a potion of invisibility {unknown}
 h - a potion of lignification {unknown}
 o - a potion of brilliance {unknown}
 r - 2 potions of curing {unknown}


   Skills:
 * Level 3.8 Dodging
 * Level 4.2 Stealth
 + Level 5.5 Spellcasting
 + Level 5.3 Conjurations
 + Level 2.0 Hexes


You had 10 spell levels left.
You knew the following spells:

 Your Spells              Type           Power        Failure   Level
a - Magic Dart            Conj           100%         1%          1
b - Searing Ray           Conj           62%          1%          2
c - Dazzling Flash        Conj/Hex       46%          6%          3

Your spell library contained the following spells:

 Spells                   Type           Power        Failure   Level
 Confusing Touch          Hex            15%          12%         3
 Fulminant Prism          Conj/Hex       11%          19%         4
 Gell's Gravitas          Tloc           3%           26%         3
 Iskenderun's Mystic Bla  Conj/Tloc      18%          30%         4
 Petrify                  Tmut/Erth      6%           65%         4
 Metabolic Englaciation   Hex/Ice        5%           86%         5
 Yara's Violent Unravell  Hex/Tmut       5%           86%         5


Dungeon Overview and Level Annotations

Branches:
Dungeon (5/15)
 Temple: D:4-7

Altars:
Dithmenos
Kikubaaqudgha
Nemelex Xobeh
Ru
Uskayaw
Wu Jian


Message History

A centaur is nearby!
A centaur is nearby!
Casting: Searing Ray (safe; 1% risk of failure)
Confirm with . or Enter, or press ? or * to list all spells.
Aiming: Searing Ray (safe; 1% risk of failure)
Press: ? - help, Shift-Dir - straight line, f - centaur
Aim: a centaur, quivering 19 arrows (wandering, hasn't noticed you, 13% to evade)
The searing ray hits the centaur!
The centaur is moderately wounded. (Press . to maintain the ray.)
The centaur wields a +0 shortbow.
The centaur shoots an arrow.
The arrow hits you!
The centaur shoots an arrow.
The arrow hits you!
The searing ray hits the centaur.
The centaur is heavily wounded.
The centaur shoots an arrow.
The arrow hits you!
* * * LOW HITPOINT WARNING * * *
The searing ray hits the centaur!
The centaur is almost dead.
The centaur shoots an arrow.
The arrow hits you!
You die...

#...#.##.## #.### #.###
###.#.#...# #...###.###
#.#.###.##### #.#.......#
#.#.# #.#...#####.#.##.##.#
#...# #.#.#.....#....#....#
#######.#.#..........###..#
#######.....#......###.#
#... #.....#.#.###......#
#.###.##
#.....#.#...@......#
#.....#
#.###......###.....#
####### #.'_'.##..##
#..c..# #.###.....# #.....#
####'#.#.#####....##
#.#.#)........##
#...########### ###.# #.#


You could see a centaur.

Vanquished Creatures
  A howler monkey (D:5)
  A hound (D:5)
  A bullfrog skeleton (D:4)
  A worker ant (D:4)
  7 adders
  2 oozes
  An adder skeleton (D:4)
  A worm (D:3)
  3 dart slugs
  2 leopard geckos
  2 orcs
  7 giant cockroaches
  6 hobgoblins
  7 jackals
  A quokka (D:3)
  A ball python (D:4)
  7 bats
  2 frilled lizards (D:1)
  9 goblins
  9 kobolds
  5 rats
76 creatures vanquished.

Vanquished Creatures (others)
  6 plants (D:2)
6 creatures vanquished.

Grand Total: 82 creatures vanquished

Notes
Turn   | Place    | Note
-------+----------+-------------------------------------------
     0 | D:1      | Woodmanan the Deep Elf Conjurer began the quest for the
                  | Orb.
     0 | D:1      | Reached XP level 1. HP: 10/10 MP: 6/6
    50 | D:1      | Reached XP level 2. HP: 15/15 MP: 1/8
   329 | D:1      | Reached skill level 5 in Conjurations
   405 | D:1      | Learned a level 2 spell: Searing Ray
  1038 | D:1      | Reached XP level 3. HP: 12/19 MP: 3/10
  1465 | D:1      | Learned a level 3 spell: Dazzling Flash
  1912 | D:2      | Found a sacrificial altar of Ru.
  2137 | D:2      | Reached skill level 5 in Spellcasting
  2471 | D:2      | Reached XP level 4. HP: 20/24 MP: 10/13
  3075 | D:3      | Found an ornate altar of the Wu Jian Council.
  3212 | D:3      | Found a sparkling altar of Nemelex Xobeh.
  3212 | D:3      | Found a shadowy altar of Dithmenos.
  3213 | D:3      | Found a hide-covered altar of Uskayaw.
  3530 | D:3      | Reached skill level 1 in Hexes
  3860 | D:4      | Reached XP level 5. HP: 25/28 MP: 6/14
  4624 | D:5      | Entered Level 5 of the Dungeon
  4853 | D:5      | Reached XP level 6. HP: 20/32 MP: 7/16
  5051 | D:5      | Found an ancient bone altar of Kikubaaqudgha.
  5074 | D:5      | Shot with an arrow by a centaur

Illustrated notes

Levels and vault maps discovered:
D:1:      amcnicky_arrival_underground_garden, layout_basic
D:2:      layout_rooms, nicolae_ru_sacrificial_ziggurat, serial_bayou,
          serial_bayou_ford_a, serial_bayou_crossing, serial_bayou_pond_a,
          serial_bayou_pond_e, serial_bayou_shore_a, serial_bayou_shore_b,
          minmay_misc_feat_diagonals, grunt_decor_one_mirror
D:3:      layout_rooms, overflow_temple_1_default,
          chequers_temple_overflow_statue_of_worship
D:4:      layout_loops_ring, supply_closet_lemuel
D:5:      layout_basic, kennysheep_mini

Skill      XL: |  1  2  3  4  5 |
---------------+----------------+-----
Conjurations   | 5 |  5.3
Spellcasting   | 5 |  5.5
Stealth        | 3 4 |  4.2
Hexes          | 1 2 |  2.0
Dodging        | 3 |  3.8

Action                   |  1- 3 |  4- 6 || total
-------------------------+-------+-------++-------
Melee: Unarmed           |     4 |     1 ||     5
 Cast: Magic Dart        |    60 |    59 ||   119
       Searing Ray       |     4 |    11 ||    15
Armor: Robe              |     8 |     2 ||    10
Dodge: Dodged            |     9 |     9 ||    18

Table legend: (Time is in decaauts)
 A = Elapsed time spent in this place.
 B = Non-inter-level travel time spent in this place.
 C = Inter-level travel time spent in this place.
 D = Time resting spent in this place.
 E = Time spent auto-exploring this place.
 F = Levels seen in this place.
 G = Mean time per level.
                   A        B        C        D        E       F      G
               +--------+--------+--------+--------+--------+-----+--------+
         Total |   5100 |   4979 |    121 |   1971 |   2364 |   5 | 1020.0 |
       Dungeon |   5100 |   4979 |    121 |   1971 |   2364 |   5 | 1020.0 |
               +--------+--------+--------+--------+--------+-----+--------+

Top non-repeatable levels by time:
     D:1: 1818 daAuts
     D:2: 1068 daAuts
     D:4: 989 daAuts
     D:3: 774 daAuts
     D:5: 449 daAuts
